 Dungeon Crawl Stone Soup version 0.26-a0-652-gafc20e3620 (webtiles) character file.

Game seed: 6537932602846744644

284 robertstho the Chiller (level 6, -4/33 HPs)
             Began as a Deep Elf Ice Elementalist on Oct 2, 2020.
             Slain by Grinder (9 damage)
             ... on level 4 of the Dungeon.
             The game lasted 00:08:19 (3811 turns).

robertstho the Chiller (Deep Elf Ice Elementalist)  Turns: 3811, Time: 00:08:20

Health: -4/33      AC:  2    Str:  5    XL:     6   Next: 7%
Magic:  12/15      EV: 13    Int: 22    God:
Gold:   111        SH:  0    Dex: 15    Spells: 2/15 levels left

rFire    . . .     SeeInvis +   d - +1 dagger (vamp)
rCold    . . .     Faith    .   (no shield)
rNeg     . . .     Spirit   .   a - +0 robe
rPois    .         Reflect  .   (no helmet)
rElec    .         Harm     .   (no cloak)
rCorr    .         Rampage  .   (no gloves)
MR       .....                  (no boots)
Stlth    ++........             (no amulet)
HPRegen  0.11/turn              g - ring of see invisible
MPRegen  0.14/turn              (no ring)

@: mighty, frozen ramparts
A: no striking features
a: no special abilities


You were on level 4 of the Dungeon.
You visited 1 branch of the dungeon, and saw 4 of its levels.

You collected 111 gold pieces.

Inventory:

Hand Weapons
 d - a +1 vampiric dagger (weapon)
 r - a +0 war axe
Armour
 a - a +0 robe (worn)
 u - a +0 helmet
Jewellery
 g - a ring of see invisible (left hand)
Scrolls
 b - 2 scrolls of fog {unknown}
 c - a scroll of blinking {unknown}
 f - 4 scrolls of identify
 j - 2 scrolls of magic mapping
 n - a scroll of enchant weapon {unknown}
 o - 2 scrolls of teleportation {unknown}
 q - 3 scrolls of fear {unknown}
 s - a scroll of enchant armour {unknown}
Potions
 k - a potion of brilliance {unknown}
 l - 2 potions of degeneration {unknown}
 m - 2 potions of heal wounds {unknown}
 p - 2 potions of mutation {unknown}
 t - a potion of flight


   Skills:
 + Level 0.7 Fighting
 + Level 1.5 Short Blades
 + Level 3.0 Dodging
 + Level 3.0 Stealth
 * Level 5.2 Spellcasting
 * Level 6.3 Ice Magic


You had 2 spell levels left.
You knew the following spells:

 Your Spells              Type           Power        Failure   Level
a - Freeze                Ice            ####         1%          1
b - Frozen Ramparts       Ice            ####..       2%          3
c - Ozocubu's Armour      Ice            ####....     2%          3
d - Ensorcelled Hibernat  Hex/Ice        ###...       4%          2
e - Hailstorm             Conj/Ice       ###.....     26%         4

Your spell library contained the following spells:

 Spells                   Type           Power        Failure   Level
 Corona                   Hex            #......      10%         1
 Summon Ice Beast         Ice/Summ       ###.....     26%         4
 Confusing Touch          Hex            #.......     30%         3
 Dazzling Flash           Conj/Hex       #.....       30%         3
 Tukima's Dance           Hex            #.......     30%         3


Dungeon Overview and Level Annotations

Branches:
Dungeon (4/15)             Temple (0/1) D:4

Altars:

Annotations:
D:4 Grinder


Message History

i - a potion of might Grinder hits you!
You writhe in agony.
You feel very mighty all of a sudden. Grinder gestures at you.
Pain shoots through your body!
Unknown command.
You feel better. Grinder hits you.
Casting: Frozen Ramparts (dangerous; 2% risk of failure)
Confirm with . or Enter, or press ? or * to list all spells.
The walls around you are covered in ice.
Grinder completely resists.
The wall freezes Grinder but do no damage.
Grinder hits you!
* * * LOW HITPOINT WARNING * * *
You writhe in agony.
* * * LOW HITPOINT WARNING * * *
As you read the scroll labeled AMI MERAUPP, it crumbles to dust.
You feel aware of your surroundings.
It was a scroll of magic mapping.
Grinder resists.
The wall freezes Grinder.
Grinder hits you!
You die...

#.<.....5.# ###.....###.#
#........##†# #÷######.##.# #.#
#..#.##.# #(###..#$##.########
*********#......#.##.....5..#
,,,.5..............########.#####
,,,.............@................
***############5#.#.#####.#.#####
#.#.....,.......* * ****
#.###..####.....# * ,,,* #.*
##.#* #.....#** ,,,* #.* *..#
#......., ,,,* ****#.* *#.#
#.....##* ,,,********,,,#.*
**.#*#.##### *
,,,,,,,,,,*,*,*,****,,,,,,* *


You could see Grinder.

Vanquished Creatures
  An orc priest (D:3)
  An orc wizard (D:3)
  Jessica (D:2)
  Terence (D:3)
  A worker ant (D:4)
  A hound skeleton (D:3)
  5 adders
  An ooze (D:4)
  3 dart slugs
  A leopard gecko (D:2)
  11 orcs
  7 bats
  3 giant cockroaches
  6 goblins
  6 hobgoblins
  7 jackals
  8 kobolds
  2 quokkas
  6 frilled lizards
  4 rats
76 creatures vanquished.

Notes
Turn   | Place    | Note
-------+----------+-------------------------------------------
     0 | D:1      | robertstho the Deep Elf Ice Elementalist began the quest
                  | for the Orb.
     0 | D:1      | Reached XP level 1. HP: 10/10 MP: 6/6
   440 | D:1      | Reached XP level 2. HP: 13/15 MP: 8/8
   642 | D:1      | Reached skill level 5 in Ice Magic
  1026 | D:2      | Noticed Jessica
  1032 | D:2      | Killed Jessica
  1032 | D:2      | Reached XP level 3. HP: 13/19 MP: 5/10
  1438 | D:2      | Reached skill level 1 in Short Blades
  1438 | D:2      | Reached XP level 4. HP: 22/24 MP: 8/11
  1443 | D:2      | Learned a level 3 spell: Frozen Ramparts
  1447 | D:2      | Learned a level 3 spell: Ozocubu's Armour
  1530 | D:2      | Noticed a phantom
  2016 | D:3      | Reached XP level 5. HP: 28/28 MP: 9/13
  2058 | D:3      | Noticed Terence
  2068 | D:3      | Killed Terence
  2284 | D:3      | Reached skill level 6 in Ice Magic
  3151 | D:4      | Reached skill level 5 in Spellcasting
  3194 | D:4      | Reached XP level 6. HP: 33/33 MP: 12/15
  3203 | D:4      | Noticed Grinder
  3273 | D:1      | Learned a level 2 spell: Ensorcelled Hibernation
  3278 | D:1      | Learned a level 4 spell: Hailstorm
  3794 | D:4      | Paralysed by Grinder for 7 turns
  3811 | D:4      | Slain by Grinder

Illustrated notes

Levels and vault maps discovered:
D:1:      denvon_arrival_planthouse, layout_loops_cross, serial_bayou_crossing
D:2:      layout_loops_ring, kennysheep_generic_room_15, uniq_jessica
D:3:      kennysheep_big_flooded_room, layout_basic, uniq_terence
D:4:      layout_basic, minmay_temple_entry_stoned_glass, uniq_grinder,
          uniq_robin

Skill      XL: |  1  2  3  4  5 |
---------------+----------------+-----
Ice Magic      | 5 6 |  6.3
Short Blades   | 1 |  1.5
Spellcasting   | 4 5 |  5.2
Dodging        | 3 |  3.0
Stealth        | 3 |  3.0
Fighting       | |  0.7

Action                   |  1- 3 |  4- 6 || total
-------------------------+-------+-------++-------
Melee: Dagger            |    89 |    50 ||   139
 Cast: Freeze            |    24 |     4 ||    28
       Frozen Ramparts   |       |    26 ||    26
       Hailstorm         |       |     1 ||     1
  Use: Potion            |       |     3 ||     3
       Scroll            |       |     5 ||     5
 Stab: Sleeping          |     3 |     7 ||    10
       Distracted        |       |     1 ||     1
Armor: Robe              |    27 |    16 ||    43
Dodge: Dodged            |    73 |    50 ||   123

Table legend: (Time is in decaauts)
 A = Elapsed time spent in this place.
 B = Non-inter-level travel time spent in this place.
 C = Inter-level travel time spent in this place.
 D = Time resting spent in this place.
 E = Time spent auto-exploring this place.
 F = Levels seen in this place.
 G = Mean time per level.
                   A        B        C        D        E       F      G
               +--------+--------+--------+--------+--------+-----+--------+
         Total |   3796 |   3596 |    200 |    392 |   2485 |   4 |  949.0 |
       Dungeon |   3796 |   3596 |    200 |    392 |   2485 |   4 |  949.0 |
               +--------+--------+--------+--------+--------+-----+--------+

Top non-repeatable levels by time:
     D:3: 1564 daAuts
     D:1: 1132 daAuts
     D:2: 981 daAuts
     D:4: 118 daAuts
